 Dungeon Crawl Stone Soup version 0.29-a0-1027-gcd8c55af63 (webtiles) character file.

Game seed: 16449914727070402306

42 rjgkbvjk the Vexing (level 3, -2/16 HPs)
             Began as a Spriggan Enchanter on Aug 12, 2022.
             Slain by a hound (5 damage)
             ... on level 4 of the Dungeon.
             The game lasted 00:02:27 (972 turns).

rjgkbvjk the Vexing (Spriggan Enchanter)             Turns: 972, Time: 00:02:28

Health: -2/16      AC:  2    Str:  6    XL:     3   Next: 35%
Magic:  0/9        EV: 17    Int: 16    God:
Gold:   36         SH:  0    Dex: 15    Spells: 7/9 levels left

rFire   . . .      SeeInvis +   a - +1 dagger
rCold   . . .      Faith    .   (no shield)
rNeg    . . .      Spirit   .   b - +0 robe
rPois   .          Reflect  .   (helmet restricted)
rElec   .          Harm     .   (no cloak)
rCorr   .          Rampage  .   (gloves unavailable)
Will    .....                   (boots unavailable)
Stlth   +++.......              (no amulet)
HPRegen 0.05/turn               (no ring)
MPRegen 0.11/turn               (no ring)

@: very slightly contaminated, very quick
A: very small, no large weapons, unfitting armour, see invisible, speed 3
a: no special abilities


You were on level 4 of the Dungeon.
You visited 1 branch of the dungeon, and saw 4 of its levels.

You collected 36 gold pieces.

Inventory:

Hand Weapons
 a - a +1 dagger (weapon)
Armour
 b - a +0 robe (worn)
Potions
 c - 2 potions of invisibility
 f - a potion of magic {unknown}


   Skills:
 - Level 1.1 Short Blades
 - Level 2.6 Dodging
 - Level 4.4 Stealth
 + Level 3.9 Spellcasting
 + Level 4.6 Hexes


You had 7 spell levels left.
You knew the following spells:

 Your Spells              Type           Power      Damage    Failure   Level
a - Ensorcelled Hibernat  Hex/Ice        20%        N/A       10%         2

Your spell library contained the following spells:

 Spells                   Type           Power      Damage    Failure   Level
 Confusing Touch          Hex            17%        N/A       8%          3
 Tukima's Dance           Hex            17%        N/A       8%          3
 Dazzling Flash           Conj/Hex       20%        N/A       21%         3


Dungeon Overview and Level Annotations

Branches:
Dungeon (4/15)
 Temple: D:4-7

Altars:


Innate Abilities, Weirdness & Mutations

You are very small and have problems with some larger weapons.
You are too small for most types of armour.
You have supernaturally acute eyesight. (SInv)
You cover ground extremely quickly. (Speed+++)


Message History

Casting: Ensorcelled Hibernation (safe; 10% risk of failure)
Confirm with . or Enter, or press ? or * to list all spells.
You don't have enough magic to cast this spell.
Unknown command.
Unknown command.
You barely miss the hound. The hound misses you.
You hit the hound.
The hound is moderately wounded.
The hound closely misses you. The hound barely misses you.
You hit the hound but do no damage.
The hound is moderately wounded.
The hound bites you.
You closely miss the hound.
The hound is moderately wounded.
The hound misses you. The hound closely misses you.
You hit the hound. Your punch misses the hound.
The hound is moderately wounded.
The hound bites you.
You closely miss the hound.
The hound is moderately wounded.
The hound bites you but does no damage. The hound barely misses you.
You barely miss the hound.
The hound is moderately wounded.
The hound completely misses you.
Casting: Ensorcelled Hibernation (safe; 10% risk of failure)
Confirm with . or Enter, or press ? or * to list all spells.
Aiming: Ensorcelled Hibernation (safe; 10% risk of failure)
Press: ? - help, Shift-Dir - straight line, f/p - hound
Aim: a hound (moderately wounded, chance to affect: 52%)
The hound resists with significant effort.
The hound closely misses you.
You hit the hound.
The hound is severely wounded.
The hound bites you.
You hit the hound but do no damage.
The hound is severely wounded.
The hound bites you.
* * * LOW HITPOINT WARNING * * *
The hound bites you.
You die...

....###.##.......# .##
......#...........## ...
.........##....#...## ....
#.......###..###...# ....!
###...........#####..
.....####................###<
.........................# #.
...............#.............
...........h@................
#........#.#...............##
.........###...............#
.#.#...... #..#..#.#...#### #
#.......#.########..#
#.........# ### #.....#...##
#.....#####


You could see a hound.

Vanquished Creatures
  A hound (D:3)
  An orc (D:3)
  2 endoplasms (D:3)
  2 goblins
  A hobgoblin (D:3)
  3 bats
  A kobold (D:3)
  2 rats (D:1)
13 creatures vanquished.

Notes
Turn   | Place    | Note
-------+----------+-------------------------------------------
     0 | D:1      | rjgkbvjk the Spriggan Enchanter began the quest for the
                  | Orb.
     0 | D:1      | Reached XP level 1. HP: 9/9 MP: 5/5
   638 | D:3      | Reached XP level 2. HP: 8/13 MP: 7/7
   644 | D:3      | Learned a level 2 spell: Ensorcelled Hibernation
   644 | D:3      | Noticed an ogre
   679 | D:3      | Reached XP level 3. HP: 11/16 MP: 3/9
   972 | D:4      | Slain by a hound

Illustrated notes

Levels and vault maps discovered:
D:1:      spicycebolla_arrival_clurvy, layout_rooms,
          shapermc_ecumenical_altar_ellora, minmay_misc_feat_diagonals
D:2:      layout_rooms, basic_altar, nicolae_concentric_dashed_squares_wild
D:3:      layout_basic
D:4:      layout_cave_pools, serial_shops, shop

Skill      XL: |  1 |
---------------+----+-----
Spellcasting   | 3 |  3.9
Hexes          | 4 |  4.6
Short Blades   | |  1.1
Dodging        | |  2.6
Stealth        | |  4.4

Action                   || total
-------------------------++-------
Melee: Dagger            ||    64
 Cast: Ensorcelled Hiber ||     7
  Use: Scroll            ||     3
       Potion            ||     1
 Stab: Sleeping          ||     1
Armor: Robe              ||    11
Dodge: Dodged            ||    68

Table legend: (Time is in decaauts)
 A = Elapsed time spent in this place.
 B = Non-inter-level travel time spent in this place.
 C = Inter-level travel time spent in this place.
 D = Time resting spent in this place.
 E = Time spent auto-exploring this place.
 F = Levels seen in this place.
 G = Mean time per level.
                   A        B        C        D        E       F      G
               +--------+--------+--------+--------+--------+-----+--------+
         Total |    845 |    845 |      0 |    297 |    351 |   4 |  211.2 |
       Dungeon |    845 |    845 |      0 |    297 |    351 |   4 |  211.2 |
               +--------+--------+--------+--------+--------+-----+--------+

Top non-repeatable levels by time:
     D:1: 295 daAuts
     D:2: 238 daAuts
     D:4: 212 daAuts
     D:3: 98 daAuts
